Map: Ulrena

Players

Entrix - Winner!

  • Race: Protoss Protoss
  • League: Silver

pupu

  • Race: Protoss Protoss
  • League: Silver

VOD

Have the link to the VOD?

Description

Time

  • Played on: April 13, 2016, 7:44 a.m.
  • Length: 10:57
Show
View Real Time Build Order
Export as new Build Order

Entrix Protoss - Winner!

Build Orders:  

Get SALT Encoding   

  12  0:01  Probe (Chrono Boost)  
  13  0:12  Probe (Chrono Boost)  
  14  0:20  Pylon  
  14  0:25  Probe (Chrono Boost)  
  15  0:38  Probe (Chrono Boost)  
  15  0:41  Gateway  
  16  0:48  Probe (Chrono Boost)  
  17  0:51  Assimilator  
  17  1:00  Probe (Chrono Boost), Pylon  
  18  1:10  Probe (Chrono Boost)  
  19  1:15  Assimilator  
  19  1:21  Probe (Chrono Boost)  
  20  1:28  Cybernetics Core  
  20  1:31  Probe (Chrono Boost)  
  21  1:41  Zealot (Chrono Boost)  
  21  1:42  Probe (Chrono Boost)  
  24  2:07  Stargate  
  24  2:27  Warp Gate (Chrono Boost)  
  24  2:29  Nexus  
  24  2:31  Pylon  
  24  2:34  Stalker  
  26  2:51  Void Ray (Chrono Boost)  
  30  3:01  Pylon  
  30  3:26  Pylon  
  30  3:29  Void Ray (Chrono Boost)  
  34  3:47  Probe  
  35  3:50  Probe  
  36  3:59  Probe  
  36  4:01  Probe  
  37  4:06  Void Ray (Chrono Boost)  
  39  4:11  Probe  
  38  4:23  Probe  
  39  4:29  Probe  
  39  4:35  Probe  
  40  4:40  Probe  
  40  4:44  Stargate  
  41  4:47  Probe  
  41  4:50  Probe  
  43  4:55  Void Ray (Chrono Boost)  
  47  5:02  Probe x2 (Chrono Boost)  
  49  5:13  Probe (Chrono Boost)  
  50  5:23  Probe (Chrono Boost)  
  50  5:24  Probe (Chrono Boost)  
  52  5:33  Probe (Chrono Boost)  
  52  5:34  Probe (Chrono Boost)  
  52  5:35  Assimilator  
  54  5:37  Void Ray (Chrono Boost), Assimilator  
  58  5:44  Probe (Chrono Boost)  
  58  5:47  Probe (Chrono Boost)  
  60  5:51  Void Ray (Chrono Boost)  
  64  5:58  Probe  
  64  6:00  Probe  
  66  6:12  Probe  
  67  6:18  Pylon  
  67  6:20  Pylon  
  67  6:24  Probe  
  68  6:35  Void Ray (Chrono Boost)  
  68  6:37  Void Ray (Chrono Boost)  
  76  6:56  Probe (Chrono Boost)  
  77  7:02  Pylon  
  77  7:06  Pylon  
  77  7:08  Probe (Chrono Boost), Pylon  
  78  7:10  Void Ray (Chrono Boost)  
  78  7:14  Void Ray (Chrono Boost)  
  86  7:20  Probe (Chrono Boost)  
  87  7:30  Probe (Chrono Boost)  
  84  7:53  Void Ray (Chrono Boost)  
  68  8:27  Void Ray (Chrono Boost)  
  72  8:30  Void Ray (Chrono Boost)  
  69  8:34  Gateway  
  69  8:35  Gateway  
  69  8:36  Gateway  
  62  9:04  Void Ray (Chrono Boost)  
  62  9:07  Void Ray (Chrono Boost)  
  62  9:41  Void Ray (Chrono Boost)  
  62  9:44  Void Ray (Chrono Boost)  
  66  10:05  Stalker x3  
  66  10:06  Stalker  
  70  10:07  Probe  
  67  10:19  Probe  
  68  10:31  Probe  
  71  10:44  Probe (Chrono Boost)  
Show
View Real Time Build Order
Export as new Build Order

pupu Protoss 

Build Orders: Oracle Opening 

Get SALT Encoding   

  12  0:01  Probe (Chrono Boost)  
  13  0:12  Probe (Chrono Boost)  
  14  0:19  Pylon  
  14  0:22  Probe (Chrono Boost)  
  15  0:38  Probe (Chrono Boost)  
  15  0:39  Gateway  
  16  0:48  Probe (Chrono Boost)  
  16  0:49  Assimilator  
  17  0:58  Assimilator  
  17  0:59  Probe (Chrono Boost)  
  18  1:09  Probe (Chrono Boost)  
  19  1:19  Pylon  
  19  1:20  Probe (Chrono Boost)  
  20  1:27  Cybernetics Core  
  20  1:30  Probe (Chrono Boost)  
  21  1:40  Forge  
  21  1:41  Probe (Chrono Boost)  
  22  1:52  Probe (Chrono Boost)  
  23  1:58  Pylon  
  23  2:02  Probe (Chrono Boost)  
  24  2:10  Stargate  
  24  2:12  Warp Gate (Chrono Boost)  
  24  2:19  Probe  
  24  2:22  Stalker  
  27  2:32  Photon Cannon  
  27  2:48  Pylon  
  27  2:49  Mothership Core  
  29  2:53  Oracle (Chrono Boost)  
  32  3:07  Stalker  
  32  3:10  Probe  
  35  3:29  Void Ray (Chrono Boost)  
  39  3:47  Nexus  
  39  3:51  Pylon  
  39  3:55  Sentry  
  41  4:16  Void Ray (Chrono Boost)  
  45  4:34  Probe  
  45  4:37  Stalker  
  48  4:46  Probe  
  48  4:49  Photon Cannon, Gateway  
  48  4:51  Gateway  
  49  4:58  Probe, Protoss Shields Level 1 (Chrono Boost)  
  50  5:00  Probe  
  51  5:14  Probe, Photon Cannon  
  52  5:15  Probe  
  53  5:28  Void Ray  
  57  5:39  Stalker  
  59  5:46  Stalker x2  
  63  5:53  Probe  
  63  5:54  Probe  
  65  6:03  Gateway  
  65  6:06  Gateway  
  65  6:08  Pylon  
  65  6:09  Probe  
  65  6:10  Assimilator  
  66  6:22  Pylon  
  66  6:23  Probe, Pylon  
  66  6:25  Probe  
  68  6:58  Stalker x3  
  74  7:08  Void Ray (Chrono Boost)  
  78  7:12  Probe, Protoss Air Weapons Level 1  
  78  7:13  Probe  
  80  7:17  Stalker  
  80  7:18  Stalker  
  84  7:48  Stalker x3  
  84  7:51  Zealot x2  
  94  8:08  Assimilator  
  46  8:35  Stalker x2  
  46  8:36  Stalker x3  
  52  9:01  Stalker x3  
  52  9:02  Stalker x2  
  42  9:29  Stalker x3  
  42  9:30  Pylon  
  48  9:31  Pylon  
  45  9:41  Pylon  
  45  9:42  Gateway  
  43  9:54  Stalker x3  
  45  10:21  Stalker x3  
  36  10:45  Stalker x3  
Tags
 
Add a new tag
Caveats
  • Supply blocks, unpowered buildings, or Contaminate may cause inaccurate times.
  • Supply counts are checked every 10 seconds.